 Dungeon Crawl Stone Soup version 0.17.0-28-g6e173f8 (webtiles) character file.

76972 Tilogour the Tortoise (level 15, -1/134 HPs)
             Began as a Minotaur Monk on Nov 27, 2015.
             Was an Elder of Cheibriados.
             Slain by a ghost moth (10 damage)
             ... on level 1 of the Spider Nest.
             The game lasted 03:14:47 (23832 turns).

Tilogour the Tortoise (Minotaur Monk)              Turns: 23832, Time: 03:14:47

Health: -1/134     AC: 27    Str: 26 (27) XL:     15   Next: 14%
Magic:  0/33       EV: 21    Int: 17 (22) God:    Cheibriados [****..]
Gold:   890        SH:  0    Dex: 28      Spells: 0 memorised, 14 levels left

rFire  . . .     SeeInvis .       - Unarmed
rCold  . . .     Clarity  +     S - +5 plate armour
rNeg   . . .     SustAt   .     (no shield)
rPois  .         Gourm    .     A - +3 hat of Pondering {ponderous, MR+ MP+10 Int+5}
rElec  .         Spirit   .     (no cloak)
rCorr  .         Warding  .     C - +1 pair of gloves
rMut   .         Rnd*Tele +     (no boots)
MR     ++...                    j - amulet of clarity
Stlth  ..........               H - ring of teleportation
                                n - ring of invisibility

@: very slow, very resistant to hostile enchantments, extremely unstealthy
A: retaliatory headbutt, horns 2
a: Bend Time, Temporal Distortion, Slouch, Renounce Religion, Evoke
Invisibility, Evoke Teleportation


You were on level 1 of the Spider Nest.
You worshipped Cheibriados.
Cheibriados was greatly pleased with you.
You were not hungry.

You visited 3 branches of the dungeon, and saw 17 of its levels.
You also visited: Labyrinth.

You collected 890 gold pieces.

Inventory:

Armour
 A - the +3 hat of Pondering (worn) {ponderous, MR+ MP+10 Int+5}
   (You took it off Gastronok on level 3 of the Lair of Beasts)

   It affects your intelligence (+5).
   It affects your resistance to hostile enchantments.
   It affects your magic capacity (+10).
 C - a +1 pair of gloves (worn)
 S - a +5 plate armour (worn)
 X - a +1 plate armour of fire resistance
Rods
 y - a +4 rod of ignition (12/12)
   (You took it off a minotaur in a labyrinth)
Jewellery
 h - an uncursed ring of protection from fire
 j - an amulet of clarity (around neck)
 k - an uncursed ring of magical power {unknown}
 n - a ring of invisibility (left hand)
 s - an uncursed amulet of faith
 H - a ring of teleportation (right hand)
 J - an uncursed ring of ice
 V - an uncursed ring of fire {unknown}
 W - an uncursed ring of protection from fire
 Y - an uncursed ring of ice
Wands
 m - a wand of flame (7)
 t - a wand of fireball (4)
 w - a wand of paralysis (10)
 I - a wand of frost (26)
 Q - a wand of cold (0)
 T - a wand of flame (27)
 U - a wand of slowing (18)
Scrolls
 c - 2 scrolls of holy word {unknown}
 d - a scroll of acquirement {unknown}
 g - 7 scrolls of remove curse
 p - a scroll of fog {unknown}
 u - a scroll of magic mapping {unknown}
 v - 2 scrolls of teleportation {unknown}
 x - a scroll of immolation {unknown}
 z - a scroll of brand weapon {unknown}
 D - a scroll of summoning {unknown}
 F - a scroll of blinking {unknown}
 G - 3 scrolls of noise
 L - a scroll of silence
 P - a scroll of vulnerability {unknown}
 R - 3 scrolls of random uselessness {unknown}
Potions
 e - a potion of flight {unknown}
 f - 5 potions of brilliance
 l - 2 potions of might
 o - 2 potions of lignification
 q - 2 potions of curing
 B - a potion of cancellation
 E - a potion of resistance {unknown}
 M - a potion of agility
 N - a potion of haste {unknown}
 Z - a potion of beneficial mutation {unknown}
Miscellaneous
 O - a lamp of fire
Comestibles
 a - 30 fruits
 b - 14 bread rations
 i - 5 slices of pizza
 r - 12 meat rations


   Skills:
 * Level 12.8 Fighting
 * Level 16.0 Armour
 * Level 14.7 Dodging
 - Level 2.0 Stealth
 - Level 5.0 Unarmed Combat
 - Level 12.0 Invocations
 * Level 9.5 Evocations


You had 14 spell levels left.
You didn't know any spells.

Dungeon Overview and Level Annotations

Branches:
Dungeon (8/15)             Temple (0/1) D:6            Lair (8/8) D:8
 Shoals (0/4) Lair:3       Spider (1/4) Lair:6
  Slime: Lair:6-8

Altars:
Ashenzari
Cheibriados
Elyvilon
Fedhas
Gozag
Kikubaaqudgha
Makhleb
Nemelex Xobeh
Qazlal
Sif Muna
Trog
Yredelemnul
Zin

Annotations:
Lair:6 exclusion: 3 oklob plants


Innate Abilities, Weirdness & Mutations

You reflexively headbutt those who attack you in melee.
You have a pair of horns on your head.


Message History

You feel you are being watched by something.
Something hits you but does no damage. x2
Something stings you but does no damage.
You closely miss something.
You feel you are being watched by something.
You feel your power leaking away. Something hits you.
* * * LOW HITPOINT WARNING * * *
Something hits you but does no damage.
Something stings you but does no damage.
You feel better. Something hits you but does no damage.
Something hits you but does no damage. Something stings you.
* * * LOW HITPOINT WARNING * * *
You hit something. Your headbutt misses something.
You feel you are being watched by something.
Something hits you but does no damage. x2
Something barely misses you.
You closely miss something. Your headbutt misses something.
Something hits you but does no damage. Something hits you!
You die...

#..........................).....
...^.........................^...
#................................
................)...........>....
....................^........y...
................#...$†.......?...
#....................#...#....##†
#..............{†......#.# .% †%#
.#.......^......@†.......# ...†#
.....#..........#........# %. .
##.........................
#.#..#.....^...#.........% %.
...#............#. %%... ..
............?###†#... .
..................††..
................#...^..
.........^......


There were no monsters in sight!

Vanquished Creatures
  Gastronok (Lair:3)
  A ghost moth (Spider:1)
  A minotaur (Lab)
  Fannar (Lair:3)
  10 hydras
  Erolcha (D:8)
  A catoblepas (Lair:8)
  A deep troll shaman (Lair:8)
  17 death yaks
  A hornet (Spider:1)
  An orb spider (Spider:1)
  5 wolf spiders (Spider:1)
  3 griffons
  A siren (Lair:3)
  34 elephants
  8 black mambas
  2 demonic crawlers (Spider:1)
  13 spiny frogs
  10 komodo dragons
  4 jumping spiders (Spider:1)
  A spriggan druid (Lair:7)
  3 fire drakes
  A queen bee (Spider:1)
  3 polar bears
  19 blink frogs
  A boulder beetle (Spider:1)
  2 trapdoor spiders (Spider:1)
  A spriggan (Lair:2)
  5 redbacks (Spider:1)
  2 wyverns
  24 yaks
  8 hippogriffs
  4 basilisks
  29 wolves
  Edmund (D:5)
  15 porcupines
  19 water moccasins
  Duvessa (D:5)
  3 spiders (Spider:1)
  2 orc warriors (D:8)
  2 ice beasts
  4 phantoms
  2 black bears
  7 centaurs
  A sky beast (D:6)
  An ogre (D:4)
  25 crocodiles
  14 giant frogs
  Dowan (D:5)
  29 killer bees
  3 scorpions
  The ghost of Tilogour the Poker, a weakling MfGl (D:3)
  4 crimson imps
  A quasit (D:5)
  A hound (D:7)
  An orc priest (D:8)
  An electric eel (Lair:1)
  A giant frog zombie (D:6)
  3 jellies
  7 iguanas
  4 orc wizards
  2 giant frog skeletons (D:8)
  3 worker ants
  31 sheep
  10 adders
  6 gnolls
  98 river rats
  An ooze (D:2)
  A worm (D:3)
  6 giant geckos
  32 orcs
  A giant cockroach (D:2)
  8 hobgoblins
  9 jackals
  4 quokkas
  A ball python (D:3)
  9 bats
  A giant gecko skeleton (D:7)
  3 giant newts
  7 goblins
  10 kobolds
  A quokka zombie (D:5)
  6 rats
  10 fungi
  6 plants
639 creatures vanquished.

Vanquished Creatures (others)
  A bush (Lair:8)
  37 fungi
  43 plants
81 creatures vanquished.

Grand Total: 720 creatures vanquished

Notes
Turn   | Place    | Note
--------------------------------------------------------------
     0 | D:1      | Tilogour the Minotaur Monk began the quest for the Orb.
     0 | D:1      | Reached XP level 1. HP: 19/19 MP: 0/0
     3 | D:1      | Found a snail-covered altar of Cheibriados.
    15 | D:1      | Became a worshipper of Cheibriados the Contemplative
    15 | D:1      | Reached * piety under Cheibriados
    15 | D:1      | Reached ** piety under Cheibriados
   515 | D:1      | Reached XP level 2. HP: 26/26 MP: 1/1
   821 | D:1      | Reached skill level 1 in Invocations
  1020 | D:2      | Reached skill level 1 in Armour
  1033 | D:2      | Reached XP level 3. HP: 31/31 MP: 2/2
  1073 | D:2      | Reached *** piety under Cheibriados
  1112 | D:2      | Found a bloodstained altar of Trog.
  1115 | D:2      | Found a shattered altar of Ashenzari.
  1160 | D:2      | Found a glowing silver altar of Zin.
  1468 | D:2      | Reached XP level 4. HP: 25/39 MP: 4/4
  1800 | D:2      | Found a burning altar of Makhleb.
  1801 | D:2      | Noticed a balrug
  1831 | D:3      | Noticed Tilogour's ghost (weakling MfGl)
  1847 | D:3      | Killed Tilogour's ghost
  2193 | D:3      | Reached XP level 5. HP: 46/46 MP: 5/5
  2220 | D:3      | Reached **** piety under Cheibriados
  2304 | D:3      | HP: 2/46 [gnoll/halberd (14)]
  2641 | D:3      | Reached skill level 5 in Unarmed Combat
  3130 | D:4      | Found an opulent altar of Gozag.
  3130 | D:4      | Found a snail-covered altar of Cheibriados.
  3338 | D:4      | Noticed an ogre
  3345 | D:4      | Killed an ogre
  3345 | D:4      | Reached XP level 6. HP: 52/52 MP: 7/7
  3397 | D:4      | Found a white marble altar of Elyvilon.
  3600 | D:5      | Entered Level 5 of the Dungeon
  3602 | D:5      | Noticed Dowan
  3603 | D:5      | Noticed Duvessa
  3613 | D:5      | Killed Duvessa
  3633 | D:5      | Killed Dowan
  3651 | D:5      | Reached skill level 5 in Dodging
  3651 | D:5      | Reached XP level 7. HP: 14/60 MP: 8/8
  4103 | D:5      | Found a deep blue altar of Sif Muna.
  4159 | D:5      | Reached skill level 5 in Armour
  4435 | D:5      | Noticed Edmund
  4445 | D:5      | Killed Edmund
  4445 | D:5      | Reached skill level 5 in Fighting
  4528 | D:5      | Reached skill level 1 in Evocations
  4844 | D:6      | Found a staircase to the Ecumenical Temple.
  4922 | D:6      | Reached XP level 8. HP: 68/68 MP: 10/10
  5025 | D:6      | Reached skill level 6 in Dodging
  5302 | D:6      | Found a deep blue altar of Sif Muna.
  5302 | D:6      | Found a basalt altar of Yredelemnul.
  5330 | D:6      | Reached skill level 5 in Invocations
  5703 | D:7      | Found an ancient bone altar of Kikubaaqudgha.
  5772 | D:7      | Found a stormy altar of Qazlal.
  5842 | D:7      | Reached skill level 7 in Armour
  6086 | D:7      | Found a blossoming altar of Fedhas.
  6354 | D:7      | Reached XP level 9. HP: 75/75 MP: 12/12
  6453 | D:7      | Reached ***** piety under Cheibriados
  6832 | D:8      | Reached skill level 8 in Armour
  6855 | D:8      | Noticed Erolcha
  7444 | D:8      | Reached XP level 10. HP: 68/86 MP: 14/14
  7465 | D:8      | Killed Erolcha
  7465 | D:8      | Reached skill level 9 in Armour
  8073 | D:8      | Found a staircase to the Lair.
  8094 | Lair:1   | Entered Level 1 of the Lair of Beasts
  9271 | Lair:1   | Reached skill level 10 in Armour
  9735 | Lair:2   | Reached ****** piety under Cheibriados
  9939 | Lair:2   | Reached XP level 11. HP: 85/94 MP: 16/16
 10001 | Lair:2   | Noticed a six-headed hydra
 10011 | Lair:2   | Killed a six-headed hydra
 10011 | Lair:2   | Reached skill level 10 in Dodging
 10536 | Lair:2   | Reached skill level 11 in Armour
 10896 | Lair:2   | Reached skill level 5 in Evocations
 11224 | Lair:3   | Noticed Gastronok
 11243 | Lair:3   | Killed Gastronok
 11394 | Lair:3   | Got a warped robe
 11437 | Lair:3   | Reached skill level 10 in Invocations
 11468 | Lair:3   | Noticed Fannar
 11479 | Lair:3   | Reached XP level 12. HP: 47/104 MP: 12/18
 11901 | Lair:3   | Found a staircase to the Shoals.
 12023 | Lair:3   | Killed Fannar
 12023 | Lair:3   | Reached skill level 12 in Armour
 12306 | Lair:3   | Noticed an eight-headed hydra
 12315 | Lair:3   | Killed an eight-headed hydra
 12818 | Lair:4   | Noticed a four-headed hydra
 12829 | Lair:4   | Killed a four-headed hydra
 13598 | Lair:5   | Found a labyrinth entrance.
 13611 | Lab      | Entered a labyrinth
 14029 | Lab      | Noticed a minotaur
 14038 | Lab      | Killed a minotaur
 14472 | Lair:5   | Reached skill level 10 in Fighting
 14756 | Lair:5   | Found a sparkling altar of Nemelex Xobeh.
 15312 | Lair:6   | Noticed a four-headed hydra
 15320 | Lair:6   | Killed a four-headed hydra
 15320 | Lair:6   | Reached skill level 13 in Armour
 15385 | Lair:6   | Reached XP level 13. HP: 94/113 MP: 20/20
 15565 | Lair:6   | Noticed an eight-headed hydra
 15579 | Lair:6   | Killed an eight-headed hydra
 15918 | Lair:6   | Found a hole to the Spider Nest.
 17303 | Lair:7   | Reached skill level 14 in Armour
 17744 | Lair:7   | HP: 5/116 [elephant (8)]
 18049 | Lair:7   | Reached XP level 14. HP: 31/124 MP: 22/22
 19355 | Lair:8   | Entered Level 8 of the Lair of Beasts
 19429 | Lair:8   | Reached skill level 15 in Armour
 21939 | Lair:8   | HP: 2/126 [death yak (10)]
 23297 | Spider:1 | Entered Level 1 of the Spider Nest
 23433 | Spider:1 | Killed a ghost moth
 23505 | Spider:1 | Reached XP level 15. HP: 84/134 MP: 18/23
 23589 | Spider:1 | Reached skill level 16 in Armour
 23822 | Spider:1 | HP: 3/134 [something (9)]
 23829 | Spider:1 | HP: 6/134 [something (5)]
 23832 | Spider:1 | Slain by a ghost moth

Action                   |  1- 3 |  4- 6 |  7- 9 | 10-12 | 13-15 || total
-------------------------+-------+-------+-------+-------+-------++-------
Melee: Unarmed           |    64 |    90 |   309 |   564 |   997 ||  2024
Invok: Slouch            |       |     2 |     2 |     8 |    19 ||    31
       Bend Time         |       |       |       |       |     1 ||     1
 Abil: Evoke Teleportati |       |       |     1 |     2 |     5 ||     8
Evoke: Wand              |       |       |       |     1 |    12 ||    13
  Use: Scroll            |       |     3 |     2 |     9 |    16 ||    30
       Potion            |       |       |     1 |       |    14 ||    15
 Stab: Sleeping          |       |       |     1 |       |       ||     1
  Eat: Chunk             |       |     3 |     4 |    12 |     7 ||    26
       Pizza             |       |       |     1 |       |     1 ||     2
       Fruit             |       |       |     1 |     1 |     1 ||     3
       Beef jerky        |       |       |       |     3 |       ||     3
       Royal jelly       |       |       |       |       |     4 ||     4
       Meat ration       |       |       |       |       |     1 ||     1
